 Dungeon Crawl Stone Soup version 0.30.0-29-ga12c61a403 (webtiles) character file.

Game seed: 13013591505530731026

545 MacCMillion the Chiller (level 7, -2/51 HPs)
             Began as a Gnoll Ice Elementalist on June 15, 2023.
             Was an Initiate of Cheibriados.
             Killed from afar by a white imp (6 damage)
             ... with a puff of frost
             ... on level 5 of the Dungeon.
             The game lasted 00:05:27 (4485 turns).

MacCMillion the Chiller (Gnoll Ice Elementalist)    Turns: 4485, Time: 00:05:28

Health: -2/51      AC: 11    Str:  9    XL:     7   Next: 27%
Magic:  9/15       EV: 14    Int: 17    God:    Cheibriados [......]
Gold:   122        SH:  0    Dex: 13    Spells: 10/17 levels left

rFire   . . .        B - +4 hand axe
rCold   . . .        (no shield)
rNeg    . . .        a - +0 robe
rPois   .            w - +0 helmet
rElec   .            (no cloak)
rCorr   .            (no gloves)
SInv    .            A - +0 pair of boots
Will    .....        (no amulet)
Stlth   +++          (no ring)
HPRegen 0.28/turn    (no ring)
MPRegen 0.14/turn

%: no passive effects
@: ice-armoured, very slow
A: fangs 1, strong nose, distributed training
a: Renounce Religion


You were on level 5 of the Dungeon.
You worshipped Cheibriados.
Cheibriados was noncommittal.
You visited 1 branch of the dungeon, and saw 5 of its levels.

You collected 269 gold pieces.
You spent 147 gold pieces at shops.

Inventory:

Hand Weapons
 g - a +0 sling
 B - a +4 hand axe (weapon)
 F - a +2 whip of holy wrath
Armour
 a - a +0 robe (worn)
 w - a +0 helmet (worn)
 A - a +0 pair of boots (worn)
Wands
 t - a wand of roots (13)
 v - a wand of charming (5)
 H - a wand of flame (18)
Scrolls
 d - 2 scrolls of blinking {unknown}
 e - 5 scrolls of identify {unknown}
 i - 2 scrolls of teleportation {unknown}
 m - 2 scrolls of amnesia {unknown}
 n - 3 scrolls of brand weapon {unknown}
 o - 3 scrolls of immolation {unknown}
 p - a scroll of fear {unknown}
 q - 2 scrolls of enchant armour {unknown}
 s - a scroll of summoning {unknown}
 u - 2 scrolls of noise {unknown}
 x - a scroll of poison {unknown}
 y - a scroll of vulnerability {unknown}
 G - a scroll of enchant weapon {unknown}
 I - a scroll of torment {unknown}
Potions
 b - 2 potions of magic
 c - 3 potions of might {unknown}
 f - 2 potions of brilliance {unknown}
 h - 5 potions of lignification {unknown}
 j - 2 potions of degeneration {unknown}
 k - 3 potions of flight {unknown}
 l - 6 potions of curing {unknown}
 r - a potion of experience {unknown}
 z - a potion of berserk rage {unknown}
 C - a potion of heal wounds {unknown}
 D - a potion of cancellation {unknown}
 E - a potion of invisibility


   Skills:
 + Level 2.5 Fighting
 + Level 2.5 Short Blades
 + Level 2.5 Long Blades
 + Level 2.5 Axes
 + Level 2.5 Maces & Flails
 + Level 2.5 Polearms
 + Level 2.5 Staves
 + Level 2.5 Ranged Weapons
 + Level 2.5 Throwing
 + Level 2.5 Armour
 + Level 5.2 Dodging
 + Level 4.9 Stealth
 + Level 2.5 Shields
 + Level 2.5 Unarmed Combat
 + Level 5.6 Spellcasting
 + Level 2.0 Conjurations
 + Level 2.0 Hexes
 + Level 2.0 Summonings
 + Level 2.0 Necromancy
 + Level 2.0 Translocations
 + Level 2.0 Transmutations
 + Level 2.0 Fire Magic
 + Level 7.4 Ice Magic
 + Level 2.0 Air Magic
 + Level 2.0 Earth Magic
 + Level 2.0 Poison Magic
 + Level 2.7 Invocations
 + Level 2.5 Evocations


You had 10 spell levels left.
You knew the following spells:

 Your Spells              Type           Power      Damage    Failure   Level
a - Freeze                Ice            100%       1d10      1%          1
b - Frozen Ramparts       Ice            60%        1d10      1%          3
c - Ozocubu's Armour      Ice            30%        N/A       1%          3

Your spell library contained the following spells:

 Spells                   Type           Power      Damage    Failure   Level
 Vhi's Electric Charge    Tloc/Air       22%        N/A       17%         3
 Summon Ice Beast         Ice/Summ       20%        N/A       19%         4
 Arcjolt                  Conj/Air       5%         1d15      85%         5
 Maxwell's Capacitive Co  Air            5%         ∞         100%        8


Dungeon Overview and Level Annotations

Branches:
Dungeon (5/15)
 Temple: D:4-7

Altars:
Cheibriados
Wu Jian

Shops:
D:4 *

Annotations:
D:2 Sigmund
D:4 1 runed translucent door, Henri's ghost, amateur DsCK


Innate Abilities, Weirdness & Mutations

You have very sharp teeth.
Your uncanny sense of smell can sniff out nearby items.
Your experience applies equally to all skills.


Message History

The frozen ramparts melt away.
You are too injured to fight recklessly!
You are too injured to fight recklessly!
You are too injured to fight recklessly!
You are too injured to fight recklessly!
You are too injured to fight recklessly!
You are too injured to fight recklessly!
You are too injured to fight recklessly!
You are too injured to fight recklessly!
You hit the white imp but do no damage. The white imp closely misses you.
You barely miss the white imp. The white imp gestures at you.
The puff of frost hits you.
You hit the white imp.
The white imp is moderately wounded.
The white imp hits you.
* * * LOW HITPOINT WARNING * * *
The white imp freezes you.
* * * LOW HITPOINT WARNING * * *
You hit the white imp.
You bite the white imp, but do no damage.
The white imp is heavily wounded.
The white imp hits you but does no damage.
You hit the white imp.
The white imp is almost dead.
The white imp gestures at you. The puff of frost hits you.
* * * LOW HITPOINT WARNING * * *
The white imp gestures at you. The puff of frost misses you.
You barely miss the white imp.
The white imp is almost dead.
The white imp gestures at you. The puff of frost hits you.
* * * LOW HITPOINT WARNING * * *
You closely miss the white imp.
The white imp is almost dead.
The white imp gestures at you. The puff of frost hits you.
You die...

#...##.....#...#
#.....>.......#
#..##.#.......#
##...#.#...###.#
#....###+### #
#....# ####..#.#
##.....†.+
#......5@#
#.####.#.# #
#)).###+#
#.).....# ∆
#...##..# #...#
.# #.... #
....#. ##..##.#


You could see a white imp.

Vanquished Creatures
  A black bear (D:4)
  2 scorpions
  An orc priest (D:5)
  A hound (D:5)
  An iron imp (D:4)
  An iguana (D:5)
  Ijyb (D:5)
  An orc wizard (D:4)
  4 gnolls (D:5)
  4 adders
  A shadow imp (D:5)
  3 worms
  A dart slug (D:4)
  7 orcs
  11 bats
  4 endoplasms
  7 giant cockroaches
  7 goblins
  6 hobgoblins
  3 quokkas
  2 ball pythons (D:4)
  A frilled lizard (D:1)
  8 kobolds
  5 rats
83 creatures vanquished.

Notes
Turn   | Place    | Note
-------+----------+-------------------------------------------
     0 | D:1      | MacCMillion the Gnoll Ice Elementalist began the quest for
                  | the Orb.
     0 | D:1      | Reached XP level 1. HP: 13/13 MP: 6/6
   251 | D:1      | Reached XP level 2. HP: 19/19 MP: 7/7
  1120 | D:2      | Reached skill level 5 in Spellcasting
  1120 | D:2      | Reached XP level 3. HP: 23/25 MP: 7/9
  1124 | D:2      | Learned a level 3 spell: Frozen Ramparts
  1128 | D:2      | Learned a level 3 spell: Ozocubu's Armour
  1730 | D:2      | Noticed Sigmund
  1815 | D:2      | Reached skill level 1 in Invocations
  2144 | D:2      | Reached skill level 1 in Fighting
  2144 | D:2      | Reached skill level 1 in Short Blades
  2144 | D:2      | Reached skill level 1 in Long Blades
  2144 | D:2      | Reached skill level 1 in Axes
  2144 | D:2      | Reached skill level 1 in Maces & Flails
  2144 | D:2      | Reached skill level 1 in Polearms
  2144 | D:2      | Reached skill level 1 in Staves
  2144 | D:2      | Reached skill level 1 in Ranged Weapons
  2144 | D:2      | Reached skill level 1 in Throwing
  2144 | D:2      | Reached skill level 1 in Armour
  2144 | D:2      | Reached skill level 1 in Shields
  2144 | D:2      | Reached skill level 1 in Unarmed Combat
  2144 | D:2      | Reached skill level 1 in Evocations
  2610 | D:3      | Reached XP level 4. HP: 32/32 MP: 7/11
  3093 | D:3      | Found an ornate altar of the Wu Jian Council.
  3133 | D:3      | Noticed a scorpion
  3141 | D:3      | Killed a scorpion
  3142 | D:3      | Reached skill level 1 in Conjurations
  3142 | D:3      | Reached skill level 1 in Hexes
  3142 | D:3      | Reached skill level 1 in Summonings
  3142 | D:3      | Reached skill level 1 in Necromancy
  3142 | D:3      | Reached skill level 1 in Translocations
  3142 | D:3      | Reached skill level 1 in Transmutations
  3142 | D:3      | Reached skill level 1 in Fire Magic
  3142 | D:3      | Reached skill level 1 in Air Magic
  3142 | D:3      | Reached skill level 1 in Earth Magic
  3142 | D:3      | Reached skill level 1 in Poison Magic
  3142 | D:3      | Reached XP level 5. HP: 37/37 MP: 5/12
  3308 | D:4      | Found Sypsotul's Assorted Antiques.
  3322 | D:4      | Bought a puce potion for 23 gold pieces
  3322 | D:4      | Bought a scroll labelled BONUANOBRAO for 26 gold pieces
  3322 | D:4      | Bought a scroll labelled QEYD YCKOXOACK for 26 gold pieces
  3322 | D:4      | Bought a scroll labelled VORYFEUCVY for 26 gold pieces
  3322 | D:4      | Bought a metallic yellow potion for 23 gold pieces
  3322 | D:4      | Bought a puce potion for 23 gold pieces
  3329 | D:4      | Noticed a black bear
  3337 | D:4      | Killed a black bear
  3338 | D:4      | Reached XP level 6. HP: 36/44 MP: 6/13
  3469 | D:4      | Reached skill level 5 in Dodging
  3894 | D:4      | Found a runed translucent door.
  3895 | D:4      | Noticed Henri's ghost (amateur DsCK)
  3912 | D:4      | Found a snail-covered altar of Cheibriados.
  3930 | D:4      | Became a worshipper of Cheibriados the Contemplative
  4070 | D:5      | Entered Level 5 of the Dungeon
  4283 | D:5      | Noticed Ijyb
  4296 | D:5      | Killed Ijyb
  4297 | D:5      | Reached XP level 7. HP: 42/50 MP: 9/15
  4485 | D:5      | Killed from afar by a white imp

Illustrated notes

Levels and vault maps discovered:
D:1:      minmay_arrival_four_circles, layout_basic
D:2:      layout_basic, uniq_sigmund
D:3:      layout_basic, pdpol_wu_jian_five_deadly_venoms
D:4:      layout_rooms, slow_altar_2, serial_shops,
          nicolae_shop_competitors_out_of_business, gammafunk_ghost_grave,
          saegor_snake_ambush
D:5:      layout_basic, minmay_temple_entry_glassed_door,
          lexackson_kobold_supper, uniq_ijyb, uniq_eustachio

Skill      XL: |  1  2  3  4  5  6  7 |
---------------+----------------------+-----
Spellcasting   | 5 |  5.6
Invocations    | 1 2 |  2.7
Fighting       | 1 2 |  2.5
Short Blades   | 1 2 |  2.5
Long Blades    | 1 2 |  2.5
Axes           | 1 2 |  2.5
Maces & Flails | 1 2 |  2.5
Polearms       | 1 2 |  2.5
Staves         | 1 2 |  2.5
Ranged Weapons | 1 2 |  2.5
Throwing       | 1 2 |  2.5
Armour         | 1 2 |  2.5
Shields        | 1 2 |  2.5
Unarmed Combat | 1 2 |  2.5
Evocations     | 1 2 |  2.5
Conjurations   | 1 2 |  2.0
Hexes          | 1 2 |  2.0
Summonings     | 1 2 |  2.0
Necromancy     | 1 2 |  2.0
Translocations | 1 2 |  2.0
Transmutations | 1 2 |  2.0
Fire Magic     | 1 2 |  2.0
Air Magic      | 1 2 |  2.0
Earth Magic    | 1 2 |  2.0
Poison Magic   | 1 2 |  2.0
Dodging        | 5 |  5.2
Stealth        | |  4.9
Ice Magic      | |  7.4

Action                     |  1- 3 |  4- 6 |  7- 9 || total
---------------------------+-------+-------+-------++-------
  Melee: Unarmed           |     2 |       |       ||     2
         Bite              |     1 |     4 |     1 ||     6
         Hand axe          |       |    27 |    20 ||    47
         Whip              |       |     3 |       ||     3
   Fire: Sling             |    76 |    90 |     6 ||   172
   Cast: Freeze            |     7 |       |       ||     7
         Frozen Ramparts   |     7 |    15 |     3 ||    25
         Ozocubu's Armour  |     1 |     8 |     3 ||    12
   Stab: Sleeping          |       |     1 |       ||     1
 Armour: Robe              |     2 |    30 |     3 ||    35
  Dodge: Dodged            |    18 |    55 |    18 ||    91
